 Dungeon Crawl Stone Soup version 0.29.1-13-g9f3cf754e1 (webtiles) character file.

Game seed: 7218370992099040397

556 cheesebisquit the Trooper (level 7, -1/54 HPs)
             Began as a Djinni Fire Elementalist on Jan 22, 2023.
             Slain by Crazy Yiuf
             ... wielding a +4 quarterstaff of chaos
              (17 damage)
             ... on level 4 of the Dungeon.
             The game lasted 00:24:22 (3815 turns).

cheesebisquit the Trooper (DjFE)                    Turns: 3815, Time: 00:24:23

Health: -1/54      AC:  5    Str: 13    XL:     7   Next: 56%
Gold:   10         EV: 17    Int: 19    God:
                   SH:  0    Dex: 13

rFire   + + .      SeeInvis .   (no weapon)
rCold   x . .      Faith    .   (no shield)
rNeg    . . .      Spirit   .   a - +0 robe
rPois   ∞          Reflect  .   (no helmet)
rElec   .          Harm     .   y - +2 cloak
rCorr   .          Rampage  .   (no gloves)
Will    .....                   (boots unavailable)
Stlth   ++........              b - amulet of regeneration
HPRegen 0.98/turn               l - +6 ring of strength
MPRegen 0.00/turn               (no ring)

@: agile, flying, slowed, very slow
A: sickness immunity, fire resistance 2, cold vulnerability 1, float, innate
caster, HP casting, extra vitality 1
a: no special abilities


You were on level 4 of the Dungeon.
You visited 1 branch of the dungeon, and saw 4 of its levels.

You collected 175 gold pieces.
You spent 165 gold pieces at shops.

Inventory:

Hand Weapons
 f - a +0 dagger
Missiles
 z - 6 poisoned darts
Armour
 a - a +0 robe (worn)
 e - a +0 buckler
 y - a +2 cloak (worn)
Magical Staves
 m - a staff of earth
Jewellery
 b - an amulet of regeneration (around neck)
 l - a +6 ring of strength (left hand)
Wands
 r - a wand of polymorph (13)
 A - a wand of paralysis (8)
Scrolls
 h - 4 scrolls of identify {unknown}
 k - 3 scrolls of noise {unknown}
 s - a scroll of summoning {unknown}
 u - a scroll of teleportation {unknown}
 v - a scroll of immolation {unknown}
 w - 3 scrolls of amnesia {unknown}
Potions
 c - a potion of mutation {unknown}
 d - a potion of flight {unknown}
 g - a potion of lignification {unknown}
 i - a potion of resistance {unknown}
 j - 3 potions of cancellation {unknown}
 n - a potion of curing {unknown}
 o - a potion of berserk rage {unknown}
 p - a potion of brilliance {unknown}
 q - 2 potions of might {unknown}
 t - a potion of heal wounds {unknown}
 x - a potion of degeneration {unknown}


   Skills:
 + Level 5.1 Fighting
 - Level 2.1 Dodging
 - Level 1.5 Stealth
 + Level 4.7 Spellcasting


You couldn't memorise any spells.
You knew the following spells:

 Your Spells              Type           Power      Damage    Failure   Level
a - Scorch                Fire           44%        2d7       2%          2
b - Call Imp              Summ           22%        N/A       2%          2
c - Conjure Flame         Conj/Fire      22%        6-21      5%          3
d - Inner Flame           Hex/Fire       22%        N/A       5%          3
e - Flame Wave            Conj/Fire      22%        2d8       19%         4
f - Beastly Appendage     Tmut           44%        N/A       1%          1
g - Poisonous Vapours     Pois/Air       44%        N/A       2%          2
z - Foxfire               Conj/Fire      88%        2x1d8     1%          1
Your spell library was empty.

Dungeon Overview and Level Annotations

Branches:
Dungeon (4/15)
 Temple: D:4-7

Altars:
Elyvilon
Fedhas
Xom
Zin

Shops:
D:4 *

Annotations:
D:4 Crazy Yiuf


Innate Abilities, Weirdness & Mutations

You are immune to sickness and miasma.
You are immune to poison.
Your flesh is very heat resistant. (rF++)
You are vulnerable to cold. (rC-)
You float through the air rather than walking.
You learn spells naturally, not from books.
Your magical power is your life essence.
You have superior vitality. (+4 MHP)


Message History

The scorpion stings you but does no damage.
Flames lash the scorpion.
The scorpion is burned terribly!
You kill the scorpion!
Your Fighting skill increases to level 5!
You see here a scorpion corpse.
Found a hammer.
Found a runed translucent door.
Crazy Yiuf shouts!
Crazy Yiuf twirls on the spot.
Crazy Yiuf whimpers, "Papa dark koolooloo!"
You reach down and open the door.
Flames lash Crazy Yiuf.
Crazy Yiuf is moderately wounded.
Crazy Yiuf's fire resistance burns away.
Crazy Yiuf hits you but does no damage.
You feel yourself slow down.
Casting: Scorch (safe; 2% risk of failure)
Confirm with . or Enter, or press ? or * to list all spells.
You conjure some foxfire!
Crazy Yiuf hits you with a +4 quarterstaff of chaos!!
Crazy Yiuf freezes you! Crazy Yiuf barely misses you.
You are too injured to fight recklessly!
Your foxfire dissipates!
Crazy Yiuf sings, "Trees, trees, trees, circus!"
You are too injured to fight recklessly!
Casting: Scorch (safe; 2% risk of failure)
Press: ? - help, Q - select action, (/) - cycle Dir - look around, f - activate Flames lash Crazy Yiuf but do no damage.
Crazy Yiuf is no longer more vulnerable to fire.
Crazy Yiuf closely misses you.
Crazy Yiuf hits you with a +4 quarterstaff of chaos!
* * * LOW HITPOINT WARNING * * *
You feel agile all of a sudden.
Okay, then.
Casting: Scorch (safe; 2% risk of failure)
Press: ? - help, Q - select action, (/) - cycle Dir - look around, f - activate Flames lash Crazy Yiuf.
Crazy Yiuf is severely wounded.
Crazy Yiuf's fire resistance burns away.
* * * LOW HITPOINT WARNING * * *
Crazy Yiuf hits you with a +4 quarterstaff of chaos!
You die...

..## #...### ###
##.## ...# #...#
#..# ...## #..##
##### ##.## ....##
##.## #..)# #..#
##...###..## #...#
#.## ...........##
... #.##
............# #'#
#..## ............#
♣♣g♣ #...##
..#..#....#.# ♣@♣♣
##...# .....#....#.#
♣♣.♣ ###..#
...#.....##.# ♣.♣♣
#...## ..####...#..#
♣♣.♣♣ #..## ###
#..###..# ♣...♣♣
##.# ..###.#.....#
♣....♣ #.##
...###......# #....#
#..#
....∩.......###....#
##.#
...###.............#
#.##


You could see Crazy Yiuf (combustible).

Vanquished Creatures
  Sigmund (D:3)
  2 ogres (D:4)
  A scorpion (D:4)
  2 jellies (D:4)
  4 adders
  3 dart slugs
  An orc (D:4)
  8 ball pythons
  6 bats
  8 endoplasms
  A giant cockroach (D:2)
  8 goblins
  9 hobgoblins
  4 jackals
  A quokka (D:1)
  3 frilled lizards
  9 kobolds
  6 rats
77 creatures vanquished.

Vanquished Creatures (others)
  61 foxfires
  3 fungi (D:4)
64 creatures vanquished.

Grand Total: 141 creatures vanquished

Notes
Turn   | Place    | Note
-------+----------+-------------------------------------------
     0 | D:1      | cheesebisquit the Djinni Fire Elementalist began the quest
                  | for the Orb.
     0 | D:1      | cheesebisquit set off with the following spells memorised:
                  | Foxfire, Scorch, Conjure Flame, Inner Flame, Flame Wave.
     0 | D:1      | Reached XP level 1. HP: 15/15 MP: 0/0
   271 | D:1      | Reached XP level 2. HP: 19/22 MP: 0/0
   275 | D:1      | Reached skill level 1 in Fighting
   575 | D:1      | Reached XP level 3. HP: 26/27 MP: 0/0
   575 | D:1      | Learned a level 1 spell: Beastly Appendage
   766 | D:1      | Found a faded altar of an unknown god.
   961 | D:2      | Reached skill level 2 in Fighting
  1017 | D:2      | Reached XP level 4. HP: 31/33 MP: 0/0
  1749 | D:3      | Noticed Sigmund
  1753 | D:3      | Killed Sigmund
  1754 | D:3      | Reached skill level 3 in Fighting
  1754 | D:3      | Reached XP level 5. HP: 37/41 MP: 0/0
  1754 | D:3      | Learned a level 2 spell: Call Imp
  1754 | D:3      | Reached XP level 6. HP: 43/47 MP: 0/0
  2458 | D:3      | Found a white marble altar of Elyvilon.
  2640 | D:4      | Found a shimmering altar of Xom.
  2642 | D:4      | Found a shimmering altar of Xom.
  2643 | D:4      | Found a shimmering altar of Xom.
  2643 | D:4      | Found a shimmering altar of Xom.
  2644 | D:4      | Found a shimmering altar of Xom.
  2644 | D:4      | Found a shimmering altar of Xom.
  2663 | D:4      | Found a shimmering altar of Xom.
  2755 | D:4      | Noticed an ogre
  2760 | D:4      | Killed an ogre
  2761 | D:4      | Reached skill level 4 in Fighting
  2816 | D:4      | Reached XP level 7. HP: 51/53 MP: 0/0
  2816 | D:4      | Learned a level 2 spell: Poisonous Vapours
  2885 | D:4      | Found a blossoming altar of Fedhas.
  3017 | D:4      | Found Unacebri's Neck Hole.
  3025 | D:4      | Bought a +2 cloak for 165 gold pieces
  3298 | D:4      | Found a glowing silver altar of Zin.
  3523 | D:4      | Reached skill level 5 in Fighting
  3722 | D:4      | Found a runed translucent door.
  3723 | D:4      | Noticed Crazy Yiuf
  3815 | D:4      | Slain by Crazy Yiuf

Illustrated notes

Levels and vault maps discovered:
D:1:      minmay_arrival_diagonal_passages, layout_basic,
          chequers_ecumenical_altar_twisty
D:2:      layout_basic, minmay_liquid_box
D:3:      layout_loops_ring, mainiacjoe_overflow_alcove_4, hex_medium,
          kennysheep_doodads, nicolae_elevator_lobby_plus, uniq_sigmund
D:4:      layout_layer_cave, xom_redecorated, fedhas_altar_3,
          kennysheep_little_box, serial_rivers, chequers_serial_rivers_small_a,
          chequers_serial_rivers_small_b, chequers_serial_rivers_small_b,
          chequers_serial_rivers_micro_a, chequers_serial_rivers_small_b,
          chequers_serial_rivers_micro_e, nicolae_shop_sticking_my_neck_out,
          uniq_crazy_yiuf_cottage

Skill      XL: |  1  2  3  4  5  6  7 |
---------------+----------------------+-----
Fighting       | 1 2 3 4 5 |  5.1
Spellcasting   | 3 4 |  4.7
Dodging        | |  2.1
Stealth        | |  1.5

Action                   |  1- 3 |  4- 6 |  7- 9 || total
-------------------------+-------+-------+-------++-------
Melee: Unarmed           |     8 |       |       ||     8
 Cast: Foxfire           |    36 |       |     3 ||    39
       Scorch            |    17 |    45 |    22 ||    84
       Beastly Appendage |     1 |       |       ||     1
Armor: Robe              |     9 |       |     2 ||    11
Dodge: Dodged            |    32 |     4 |     4 ||    40
